AoeStats
← AloneArcher

Hideout

509259505Analyzed
1v1 RM · 7d ago on Sep 26, 2026· 49m 18s· 2 players
Game mode
Random Map
Map size
Tiny (2 player)
Population
200
Speed
Normal
Resources
Standard
Victory
Conquest
Starting age
Dark Age
Ending age
Imperial Age
RankedLock teamsTeams togetherTeam positionsShared explorationLock speedFull tech treeHidden civsTurbo modeCheats
Victory
Defeat
🇹🇷 Turks · Türkiye
769
+16
🇺🇸 Franks · United States
777
-16
AloneArcher
11:38 Feudal Age
12:17 Double-Bit Axe
12:14 Horse Collar
21:52 Castle Age
21:57 Gold Mining
23:08 Bow Saw
25:37 Stone Mining
29:57 Heavy Plow
31:10 Gold Shaft Mining
34:37 Imperial Age
33:42 Wheelbarrow
32:53 Town Watch
32:54 Loom
35:18 Hand Cart
35:04 Town Patrol
36:23 Two-Man Saw
37:04 Conscription
37:17 Elite Janissary
40:00 Bombard Tower
42:36 Scale Barding Armor
42:32 Padded Archer Armor
42:22 Fletching
42:43 Forging
48:25 Scale Mail Armor
Kap
10:30 Feudal Age
11:11 Double-Bit Axe
12:35 Loom
13:25 Wheelbarrow
12:49 Gold Mining
19:26 Stone Mining
20:14 Scale Barding Armor
20:09 Scale Mail Armor
21:56 Forging
26:15 Castle Age
26:43 Padded Archer Armor
26:33 Fletching
26:17 Pikeman
27:56 Husbandry
28:14 Bow Saw
29:26 Gold Shaft Mining
31:33 Town Watch
32:06 Hand Cart
36:16 Leather Archer Armor
35:56 Bodkin Arrow
36:23 Ordonnance Companies
43:21 Chain Barding Armor
43:37 Iron Casting
42:39 Light Cavalry
46:00 Imperial Age
45:22 Ballistics
45:00 Murder Holes
45:17 Fortified Wall
46:07 Onager
Connection lost

Rejoining the realm…

Still unreachable

The connection could not be restored.

Session expired

The server has moved on; the page needs a fresh start.